 Dungeon Crawl Stone Soup version 0.29.0-4-gdea44cf6ec (webtiles) character file.

Game seed: 17207521690566651630

33448 qw the Brawler (level 13, -2/113 HPs)
             Began as a Ghoul Fire Elementalist on Aug 29, 2022.
             Was a High Priest of Okawaru.
             Slain by a steam dragon (4 damage)
             ... on level 5 of the Lair of Beasts.
             The game lasted 00:12:16 (16781 turns).

qw the Brawler (Ghoul Fire Elementalist)           Turns: 16781, Time: 00:12:16

Health: -2/113     AC: 24    Str: 17    XL:     13   Next: 71%
Magic:  18/19      EV: 11    Int: 10    God:    Okawaru [*****.]
Gold:   713        SH:  7    Dex:  9    Spells: 14/15 levels left

rFire   . . .      SeeInvis .     - Unarmed
rCold   + . .      Faith    .   g - +2 buckler
rNeg    + + +      Spirit   .   c - +0 plate armour
rPois   inf        Reflect  .   q - +1 hat
rElec   .          Harm     .   w - +0 cloak
rCorr   .          Rampage  .   (no gloves)
Will    .....                   s - +1 pair of boots
Stlth   ..........              h - amulet of regeneration
HPRegen 0.00/turn               o - +4 ring of evasion
MPRegen 0.16/turn               k - +4 ring of protection

@: about to teleport, heroic, inhibited regen
A: claws 1, cold resistance 1, negative energy resistance 3, inhibited
regeneration, torment resistance 2, devour on kill
a: Renounce Religion, Heroism, Finesse, Duel


You were on level 5 of the Lair of Beasts.
You worshipped Okawaru.
Okawaru was extremely pleased with you.
You visited 3 branches of the dungeon, and saw 17 of its levels.
You also visited: Ossuary.

You collected 713 gold pieces.


Innate Abilities, Weirdness & Mutations

You are immune to poison.
You have sharp fingernails.
Your flesh is cold resistant. (rC+)
You are immune to negative energy. (rN+++)
You do not regenerate when monsters are visible.
You are immune to unholy pain and torment.
You thrive by killing the living.


   Skills:
 - Level 10.0(15.0) Fighting
 - Level 4.1(9.1) Throwing
 - Level 7.1(12.1) Armour
 - Level 2.8(7.8) Dodging
 - Level 2.1(7.1) Stealth
 - Level 4.0(9.0) Shields
 + Level 17.4(22.4) Unarmed Combat
 - Level 1.7 Spellcasting
 - Level 0.7 Conjurations
 - Level 2.4 Fire Magic
 - Level 10.0 Invocations


You had 14 spell levels left.
You knew the following spells:

 Your Spells              Type           Power      Damage    Failure   Level
a - Foxfire               Conj/Fire      16%        2x1d4     99%         1

Your spell library contained the following spells:

 Spells                   Type           Power      Damage    Failure   Level
 Scorch                   Fire           10%        2d6       99%         2
 Conjure Flame            Conj/Fire      4%         6-21      100%        3
 Inner Flame              Hex/Fire       3%         N/A       100%        3
 Flame Wave               Conj/Fire      4%         2d5       100%        4

Inventory:

Missiles
 r - 4 silver boomerangs (quivered)
 u - 8 boomerangs
Armour
 c - a +0 plate armour (worn)
 g - a +2 buckler (worn)
 q - a +1 hat (worn)
 s - a +1 pair of boots (worn)
 w - a +0 cloak (worn)
Jewellery
 h - an amulet of regeneration (around neck)
 k - a +4 ring of protection (right claw)
 o - a +4 ring of evasion (left claw)
 t - a ring of protection from fire
Scrolls
 b - a scroll of identify
 f - a scroll of brand weapon
 m - 2 scrolls of enchant weapon
Potions
 a - 5 potions of might
 d - a potion of resistance
 e - 6 potions of haste
 i - a potion of mutation
 j - a potion of cancellation
 p - a potion of invisibility {unknown}
 x - 2 potions of curing
 z - 3 potions of magic

Dungeon Overview and Level Annotations

Branches:
Dungeon (11/15)            Temple (1/1) D:6            Lair (5/5) D:11
 Shoals (0/4) Lair:3        Snake (0/4) Lair:2        Slime (0/5) Lair:4
    Orc (0/2) D:10        Ossuary (visited)

Altars:
Ashenzari
Cheibriados
Dithmenos
Fedhas
Gozag
Hepliaklqana
Kikubaaqudgha
Makhleb
Nemelex Xobeh
Okawaru
Qazlal
Ru
Sif Muna
Trog
Uskayaw
Vehumet
Wu Jian
Xom
Yredelemnul

Annotations:
D:2 1 runed translucent door, Crazy Yiuf
D:6 2 transporters, qw's ghost, amateur TeWr
D:10 2 transporters, qw's ghost, journeyman TeWr


Message History

The cane toad barely misses you. You block the steam dragon's attack. x2
The blink frog blinks!
The elephant tramples the fungus!!
The elephant trunk-slaps the fungus.
16776 ||| Stepping ~*~*~tactically~*~*~ (outnumbered).
The steam dragon attacks as you move away!
The steam dragon bites you. You block the steam dragon's attack.
A nearby fungus withers and dies.
The blink frog blinks!
The black mamba closely misses you. You block the blink frog's attack.
16777 ||| READING scroll of teleportation.
As you read the scroll of teleportation, it crumbles to dust.
You feel strangely unstable. The black mamba misses you.
You block the cane toad's attack.
The blink frog blinks!
You block the blink frog's attack.
The blink frog hits you but does no damage.
The blink frog blinks!
The black mamba bites you.
The steam dragon bites you but does no damage.
You block the steam dragon's attack.
You barely miss the blink frog.
The blink frog blinks!
The cane toad barely misses you.
The blink frog blinks!
The blink frog barely misses you. The black mamba bites you!
You barely miss the blink frog. You block the black mamba's attack.
The cane toad stings you but does no damage.
The steam dragon barely misses you. The steam dragon misses you.
The blink frog hits you but does no damage.
16780 ||| Stepping ~*~*~tactically~*~*~ (outnumbered).
The blink frog attacks as you move away!
You block the blink frog's attack.
The black mamba attacks as you move away!
The black mamba bites you!
The steam dragon attacks as you move away!
The steam dragon barely misses you.
The steam dragon claws you but does no damage.
The blink frog blinks! x2
The black mamba bites you but does no damage.
You barely miss the blink frog. The black mamba closely misses you.
The blink frog blinks!
The cane toad stings you but does no damage.
The steam dragon bites you.
You die...

...P#....~##~~
.....#P....~~~ ~
........P..~.~ ~~
...........~~ .#
......P..P...~#~~#~
...............~~P~~
......#.....Y...~~.~~
....#....FP.F@..#
......P....FSFD.##~
..........YYYlY.~~~~
..........F.h..~~~~~.
...¤..¤....Y....#~~#~
...............~##~~P
.........#.Y...~~~~~~
......¤......F.~~P~~.
..........#.....#~.#
~#


You could see 6 elephants, a polar bear, a black mamba, a yak, a cane toad, 5
blink frogs, a steam dragon and a wyvern.

Vanquished Creatures
  Gastronok (Lair:2)
  A boulder beetle (Lair:3)
  3 hydras
  An ugly thing (D:11)
  A cyclops (D:11)
  3 oklob plants (Lair:4)
  5 elephants (Lair:4)
  5 black mambas
  5 cane toads
  Maggie (Lair:2)
  3 rime drakes
  A kobold demonologist (D:11)
  9 komodo dragons
  4 trolls
  Grinder (D:4)
  A hornet (D:11)
  Prince Ribbit (Lair:2)
  27 blink frogs
  Sigmund (D:6)
  A wraith (D:10)
  3 wyverns
  35 yaks
  2 steam dragons
  2 basilisks (Lair:4)
  Menkaure (D:6)
  3 nagas (Lair:2)
  Edmund (D:6)
  Duvessa (D:6)
  An acid dragon (D:8)
  7 water moccasins
  2 orc warriors
  2 black bears
  2 ice beasts (D:6)
  6 wolves (Lair:4)
  3 ogres
  11 centaurs
  2 phantoms
  4 kobold brigands
  10 bullfrogs
  A necrophage (D:7)
  A gnoll sergeant (D:7)
  2 scorpions
  5 wights (D:7)
  Dowan (D:6)
  18 killer bees
  2 howler monkeys
  2 human zombies (Ossuary)
  A hound (D:7)
  2 orc priests
  7 iguanas
  5 orc wizards
  3 mummies (Ossuary)
  4 gnolls (D:7)
  4 adders
  A shadow imp (D:6)
  A white imp (D:5)
  2 ufetubi (D:6)
  3 adder zombies (Ossuary)
  3 dart slugs (D:1)
  30 orcs
  5 endoplasms
  A giant cockroach (D:1)
  A goblin (D:3)
  4 hobgoblins
  4 jackals (D:3)
  2 quokkas
  8 ball pythons
  7 bats
  5 frilled lizards (D:1)
  3 goblin zombies (Ossuary)
  4 hobgoblin zombies (Ossuary)
  17 kobolds
  2 kobold zombies (Ossuary)
  An orc zombie (Ossuary)
  A quokka zombie (Ossuary)
  5 rats
  2 rat zombies (Ossuary)
343 creatures vanquished.

Vanquished Creatures (others)
  12 fungi
  11 plants
23 creatures vanquished.

Grand Total: 366 creatures vanquished

Notes
Turn   | Place    | Note
-------+----------+-------------------------------------------
     0 | D:1      | qw the Ghoul Fire Elementalist began the quest for the Orb.
     0 | D:1      | Reached XP level 1. HP: 14/14 MP: 2/2
     0 | D:1      | 0 ||| qw: Version: 0.1-a-90-g952f4b7
     0 | D:1      | 0 ||| qw: Game counter: 3698
     0 | D:1      | 0 ||| qw: Always use a shield: true
     0 | D:1      | 0 ||| qw: God list: Okawaru
     0 | D:1      | 0 ||| qw: Allow faded altars: false
     0 | D:1      | 0 ||| qw: Do Orc after D:15 true
     0 | D:1      | 0 ||| qw: Do second Lair branch before Depths: true
     0 | D:1      | 0 ||| qw: Lair rune preference: random
     0 | D:1      | 0 ||| qw: Plans: Normal
     0 | D:1      | 0 ||| PLANNING D:1-11
   146 | D:1      | Reached skill level 1 in Unarmed Combat
   448 | D:1      | 448 ||| Stepping ~*~*~tactically~*~*~ (hiding).
   489 | D:1      | Reached skill level 1 in Fighting
   489 | D:1      | Reached XP level 2. HP: 23/23 MP: 3/3
   882 | D:1      | 882 ||| Stepping ~*~*~tactically~*~*~ (hiding).
   989 | D:1      | Found a faded altar of an unknown god.
   993 | D:1      | 993 ||| Stepping ~*~*~tactically~*~*~ (stealth).
   995 | D:1      | 995 ||| Stepping ~*~*~tactically~*~*~ (outnumbered).
   997 | D:1      | 997 ||| Stepping ~*~*~tactically~*~*~ (outnumbered).
  1000 | D:1      | 1000 ||| Stepping ~*~*~tactically~*~*~ (outnumbered).
  1002 | D:1      | 1002 ||| Stepping ~*~*~tactically~*~*~ (outnumbered).
  1003 | D:1      | 1003 ||| Stepping ~*~*~tactically~*~*~ (outnumbered).
  1005 | D:1      | 1005 ||| Stepping ~*~*~tactically~*~*~ (outnumbered).
  1007 | D:1      | Reached skill level 2 in Unarmed Combat
  1336 | D:1      | 1336 ||| Stepping ~*~*~tactically~*~*~ (stealth).
  1337 | D:1      | 1337 ||| Stepping ~*~*~tactically~*~*~ (stealth).
  1338 | D:1      | 1338 ||| Stepping ~*~*~tactically~*~*~ (stealth).
  1340 | D:1      | 1340 ||| Stepping ~*~*~tactically~*~*~ (stealth).
  1345 | D:1      | Reached XP level 3. HP: 27/28 MP: 4/4
  1379 | D:1      | 1379 ||| Stepping ~*~*~tactically~*~*~ (stealth).
  1706 | D:1      | 1706 ||| UPGRADING to +0 leather armour.
  1716 | D:1      | 1716 ||| DROPPING +0 robe.
  1717 | D:1      | 1717 ||| UPGRADING to +0 ring mail.
  1727 | D:1      | 1727 ||| DROPPING +0 leather armour.
  1728 | D:1      | 1728 ||| UPGRADING to amulet of regeneration.
  1733 | D:1      | 1733 ||| UPGRADING to ring of protection from cold.
  1734 | D:1      | 1734 ||| READING scroll labelled COUC WAWAG.
  1735 | D:1      | 1735 ||| DRINKING 2 lumpy amethyst potions.
  1736 | D:1      | 1736 ||| DROPPING potion of magic.
  1737 | D:1      | 1737 ||| DROPPING potion of degeneration.
  2484 | D:2      | Found a runed translucent door.
  2485 | D:2      | Noticed Crazy Yiuf
  2659 | D:2      | 2659 ||| UPGRADING to +0 plate armour.
  2669 | D:2      | 2669 ||| DROPPING orb of energy.
  2670 | D:2      | 2670 ||| DROPPING +0 ring mail.
  2671 | D:2      | 2671 ||| READING scroll labelled AGISCH XO LEUD.
  2790 | D:2      | 2790 ||| READING 3 scrolls labelled GEKEON HICSAF.
  2791 | D:2      | 2791 ||| DRINKING 2 fizzy red potions.
  2890 | D:3      | Reached skill level 3 in Unarmed Combat
  2977 | D:3      | Reached skill level 1 in Armour
  2992 | D:3      | 2992 ||| Stepping ~*~*~tactically~*~*~ (outnumbered).
  3009 | D:3      | Reached XP level 4. HP: 26/35 MP: 5/5
  3484 | D:3      | 3484 ||| UPGRADING to +2 buckler.
  3489 | D:3      | 3489 ||| UPGRADING to +4 ring of protection.
  3490 | D:3      | 3490 ||| READING scroll labelled NEMAR NYUKLEU.
  3491 | D:3      | 3491 ||| READING scroll labelled HIOCLA KUALURGH.
  3492 | D:3      | 3492 ||| READING scroll labelled GYSEFUR GACVA.
  3493 | D:3      | 3493 ||| READING 3 scrolls of identify.
  3493 | D:3      | 3493 ||| IDENTIFYING dark potion
  3494 | D:3      | 3494 ||| READING 2 scrolls of identify.
  3494 | D:3      | 3494 ||| IDENTIFYING red potion
  4092 | D:4      | Noticed Grinder
  4095 | D:4      | Paralysed by Grinder for 5 turns
  4102 | D:4      | Paralysed by Grinder for 2 turns
  4108 | D:4      | Paralysed by Grinder for 3 turns
  4128 | D:4      | Killed Grinder
  4129 | D:4      | Reached skill level 6 in Unarmed Combat
  4129 | D:4      | Reached XP level 5. HP: 21/40 MP: 6/6
  4129 | D:4      | Reached XP level 6. HP: 25/47 MP: 7/7
  4578 | D:4      | 4578 ||| READING scroll labelled DIALOGR ERROP.
  4579 | D:4      | 4579 ||| READING 2 scrolls of identify.
  4579 | D:4      | 4579 ||| IDENTIFYING bubbling amethyst potion
  4650 | D:5      | Entered Level 5 of the Dungeon
  4651 | D:5      | 4651 ||| PLANNING OSSUARY
  4729 | D:5      | Reached skill level 1 in Shields
  4856 | D:5      | Reached skill level 3 in Fighting
  4856 | D:5      | Reached XP level 7. HP: 54/57 MP: 8/8
  4873 | D:5      | Found a sand-covered staircase.
  4874 | D:5      | 4874 ||| READING scroll labelled MEUKKO JADIJ.
  4882 | Ossuary  | Entered an ossuary
  4887 | Ossuary  | 4887 ||| Stepping ~*~*~tactically~*~*~ (outnumbered).
  4888 | Ossuary  | 4888 ||| Stepping ~*~*~tactically~*~*~ (outnumbered).
  4890 | Ossuary  | 4890 ||| Stepping ~*~*~tactically~*~*~ (outnumbered).
  4937 | Ossuary  | 4937 ||| Stepping ~*~*~tactically~*~*~ (outnumbered).
  4957 | Ossuary  | 4957 ||| Stepping ~*~*~tactically~*~*~ (outnumbered).
  5117 | Ossuary  | 5117 ||| Stepping ~*~*~tactically~*~*~ (outnumbered).
  5119 | Ossuary  | 5119 ||| Stepping ~*~*~tactically~*~*~ (outnumbered).
  5120 | Ossuary  | 5120 ||| Stepping ~*~*~tactically~*~*~ (outnumbered).
  5121 | Ossuary  | 5121 ||| Stepping ~*~*~tactically~*~*~ (outnumbered).
  5257 | Ossuary  | 5257 ||| DRINKING 2 yellow potions.
  5258 | Ossuary  | 5258 ||| DRINKING 2 silvery potions.
  5259 | Ossuary  | 5259 ||| READING 3 scrolls of identify.
  5259 | Ossuary  | 5259 ||| IDENTIFYING lumpy dark potion
  5260 | Ossuary  | 5260 ||| READING 2 scrolls of identify.
  5260 | Ossuary  | 5260 ||| IDENTIFYING smoky pink potion
  5261 | Ossuary  | 5261 ||| DROPPING potion of flight.
  5262 | Ossuary  | 5262 ||| DROPPING potion of lignification.
  5269 | D:5      | 5269 ||| PLANNING D:1-11
  5301 | D:5      | 5301 ||| Stepping ~*~*~tactically~*~*~ (hiding).
  5302 | D:5      | 5302 ||| Stepping ~*~*~tactically~*~*~ (hiding).
  5446 | D:5      | HP: 9/57 [ogre/+0 giant club (28)]
  5447 | D:5      | 5447 ||| READING scroll of teleportation.
  5448 | D:5      | 5448 ||| DRINKING potion of heal wounds.
  5569 | D:5      | Reached skill level 7 in Unarmed Combat
  5726 | D:5      | 5726 ||| READING scroll labelled YTWUFE DUBYUQE.
  5727 | D:5      | 5727 ||| READING scroll labelled JAPRAGO XIOCAO.
  5940 | D:6      | Found a transporter.
  6018 | D:6      | 6018 ||| Stepping ~*~*~tactically~*~*~ (hiding).
  6023 | D:6      | 6023 ||| Stepping ~*~*~tactically~*~*~ (hiding).
  6024 | D:6      | 6024 ||| Stepping ~*~*~tactically~*~*~ (hiding).
  6094 | D:6      | 6094 ||| Stepping ~*~*~tactically~*~*~ (stealth).
  6104 | D:6      | Reached skill level 8 in Unarmed Combat
  6104 | D:6      | Reached XP level 8. HP: 58/63 MP: 9/9
  6109 | D:6      | Found a staircase to the Ecumenical Temple.
  6110 | D:6      | 6110 ||| PLANNING TEMPLE
  6122 | Temple   | Entered the Ecumenical Temple
  6156 | Temple   | Became a worshipper of Warmaster Okawaru
  6516 | Temple   | 6516 ||| PLANNING D:1-11
  6591 | D:6      | 6591 ||| Stepping ~*~*~tactically~*~*~ (stealth).
  6592 | D:6      | 6592 ||| Stepping ~*~*~tactically~*~*~ (stealth).
  6594 | D:6      | 6594 ||| Stepping ~*~*~tactically~*~*~ (hiding).
  6600 | D:6      | 6600 ||| DRINKING potion of curing.
  6600 | D:6      | 6600 ||| (to cure confusion)
  6629 | D:6      | Found a transporter.
  6642 | D:6      | Noticed Edmund
  6667 | D:6      | 6667 ||| Stepping ~*~*~tactically~*~*~ (stealth).
  6668 | D:6      | Killed Edmund
  6671 | D:6      | Noticed qw's ghost (amateur TeWr)
  6706 | D:6      | 6706 ||| Stepping ~*~*~tactically~*~*~ (stealth).
  6708 | D:6      | 6708 ||| Stepping ~*~*~tactically~*~*~ (stealth).
  6745 | D:6      | Noticed Sigmund
  6764 | D:6      | Killed Sigmund
  6765 | D:6      | Reached skill level 9 in Unarmed Combat
  6768 | D:6      | 6768 ||| Stepping ~*~*~tactically~*~*~ (stealth).
  6804 | D:6      | Noticed Duvessa
  6804 | D:6      | Noticed Dowan
  6807 | D:6      | 6807 ||| Stepping ~*~*~tactically~*~*~ (outnumbered).
  6819 | D:6      | Killed Duvessa
  6824 | D:6      | 6824 ||| Stepping ~*~*~tactically~*~*~ (hiding).
  6825 | D:6      | 6825 ||| Stepping ~*~*~tactically~*~*~ (hiding).
  6837 | D:6      | Killed Dowan
  6837 | D:6      | Reached * piety under Okawaru
  6893 | D:6      | 6893 ||| INVOKING Heroism.
  6894 | D:6      | 6894 ||| INVOKING Heroism.
  6906 | D:6      | Reached skill level 3 in Armour
  6906 | D:6      | Reached XP level 9. HP: 50/74 MP: 8/10
  6949 | D:6      | Noticed Menkaure
  6950 | D:6      | 6950 ||| INVOKING Heroism.
  6954 | D:6      | Killed Menkaure
  6985 | D:6      | 6985 ||| INVOKING Heroism.
  6989 | D:6      | Reached skill level 3 in Invocations
  6990 | D:6      | 6990 ||| Stepping ~*~*~tactically~*~*~ (stealth).
  7101 | D:6      | Reached skill level 10 in Unarmed Combat
  7141 | D:6      | 7141 ||| Stepping ~*~*~tactically~*~*~ (hiding).
  7143 | D:6      | 7143 ||| Stepping ~*~*~tactically~*~*~ (hiding).
  7144 | D:6      | 7144 ||| Stepping ~*~*~tactically~*~*~ (hiding).
  7145 | D:6      | 7145 ||| Stepping ~*~*~tactically~*~*~ (hiding).
  7146 | D:6      | 7146 ||| Stepping ~*~*~tactically~*~*~ (hiding).
  7344 | D:6      | 7344 ||| READING 2 scrolls of identify.
  7344 | D:6      | 7344 ||| IDENTIFYING glowing pink potion
  7345 | D:6      | 7345 ||| DROPPING potion of attraction.
  7543 | D:7      | 7543 ||| Stepping ~*~*~tactically~*~*~ (hiding).
  7546 | D:7      | 7546 ||| Stepping ~*~*~tactically~*~*~ (hiding).
  7549 | D:7      | 7549 ||| INVOKING Heroism.
  7559 | D:7      | 7559 ||| Stepping ~*~*~tactically~*~*~ (stealth).
  7687 | D:7      | 7687 ||| Stepping ~*~*~tactically~*~*~ (outnumbered).
  7694 | D:7      | 7694 ||| INVOKING Heroism.
  7704 | D:7      | Reached skill level 6 in Fighting
  7713 | D:7      | 7713 ||| FLEEEEING.
  7752 | D:7      | 7752 ||| INVOKING Heroism.
  8119 | D:7      | You fall into a shaft and drop 3 floors!
  8119 | D:10     | Entered Level 10 of the Dungeon
  8120 | D:10     | 8120 ||| UPGRADING to +4 ring of evasion.
  8122 | D:10     | 8122 ||| DROPPING ring of protection from cold.
  8123 | D:10     | 8123 ||| READING scroll labelled JOPTUFR GEUDA.
  8135 | D:9      | Reached skill level 11 in Unarmed Combat
  8140 | D:9      | Reached ** piety under Okawaru
  8175 | D:9      | 8175 ||| INVOKING Heroism.
  8177 | D:9      | 8177 ||| Stepping ~*~*~tactically~*~*~ (outnumbered).
  8195 | D:9      | Reached XP level 10. HP: 83/83 MP: 10/12
  8291 | D:8      | 8291 ||| Stepping ~*~*~tactically~*~*~ (outnumbered).
  8292 | D:8      | 8292 ||| Stepping ~*~*~tactically~*~*~ (outnumbered).
  8294 | D:8      | Reached skill level 12 in Unarmed Combat
  8299 | D:8      | 8299 ||| INVOKING Heroism.
  8302 | D:8      | Reached skill level 3 in Shields
  8499 | D:7      | 8499 ||| Stepping ~*~*~tactically~*~*~ (outnumbered).
  8500 | D:7      | 8500 ||| INVOKING Heroism.
  8501 | D:7      | 8501 ||| Stepping ~*~*~tactically~*~*~ (outnumbered).
  8502 | D:7      | 8502 ||| Stepping ~*~*~tactically~*~*~ (outnumbered).
  8503 | D:7      | 8503 ||| Stepping ~*~*~tactically~*~*~ (outnumbered).
  8660 | D:7      | Found an opulent altar of Gozag.
  8669 | D:7      | Found a sacrificial altar of Ru.
  9044 | D:8      | 9044 ||| Stepping ~*~*~tactically~*~*~ (stealth).
  9046 | D:8      | 9046 ||| Stepping ~*~*~tactically~*~*~ (hiding).
  9053 | D:8      | 9053 ||| INVOKING Heroism.
  9162 | D:8      | 9162 ||| INVOKING Heroism.
  9166 | D:8      | 9166 ||| Stepping ~*~*~tactically~*~*~ (outnumbered).
  9167 | D:8      | 9167 ||| Stepping ~*~*~tactically~*~*~ (outnumbered).
  9168 | D:8      | 9168 ||| Stepping ~*~*~tactically~*~*~ (outnumbered).
  9169 | D:8      | 9169 ||| Stepping ~*~*~tactically~*~*~ (outnumbered).
  9170 | D:8      | 9170 ||| Stepping ~*~*~tactically~*~*~ (outnumbered).
  9171 | D:8      | 9171 ||| Stepping ~*~*~tactically~*~*~ (outnumbered).
  9172 | D:8      | 9172 ||| Stepping ~*~*~tactically~*~*~ (outnumbered).
  9173 | D:8      | 9173 ||| Stepping ~*~*~tactically~*~*~ (outnumbered).
  9174 | D:8      | 9174 ||| Stepping ~*~*~tactically~*~*~ (outnumbered).
  9177 | D:8      | 9177 ||| Stepping ~*~*~tactically~*~*~ (stealth).
  9188 | D:8      | 9188 ||| INVOKING Heroism.
  9201 | D:8      | Reached *** piety under Okawaru
  9247 | D:8      | 9247 ||| INVOKING Heroism.
  9299 | D:8      | 9299 ||| Stepping ~*~*~tactically~*~*~ (hiding).
  9301 | D:8      | 9301 ||| Stepping ~*~*~tactically~*~*~ (hiding).
  9304 | D:8      | 9304 ||| INVOKING Heroism.
  9312 | D:8      | 9312 ||| Stepping ~*~*~tactically~*~*~ (cloud).
  9401 | D:8      | 9401 ||| Stepping ~*~*~tactically~*~*~ (stealth).
  9417 | D:8      | 9417 ||| Stepping ~*~*~tactically~*~*~ (hiding).
  9428 | D:8      | 9428 ||| INVOKING Heroism.
  9439 | D:8      | 9439 ||| Stepping ~*~*~tactically~*~*~ (outnumbered).
  9677 | D:8      | Identified the +1 leather armour of True Grit {rN+}
  9842 | D:8      | 9842 ||| READING scroll labelled DUCEMPU CULORO.
  9897 | D:9      | 9897 ||| Stepping ~*~*~tactically~*~*~ (stealth).
  9902 | D:9      | 9902 ||| Stepping ~*~*~tactically~*~*~ (stealth).
  9903 | D:9      | 9903 ||| INVOKING Heroism.
  9904 | D:9      | 9904 ||| Stepping ~*~*~tactically~*~*~ (outnumbered).
  9905 | D:9      | 9905 ||| Stepping ~*~*~tactically~*~*~ (outnumbered).
  9910 | D:9      | Reached skill level 13 in Unarmed Combat
  9933 | D:9      | Reached **** piety under Okawaru
  9935 | D:9      | 9935 ||| INVOKING Heroism.
  9952 | D:9      | Reached XP level 11. HP: 94/94 MP: 11/13
  9959 | D:9      | Received a gift from Okawaru
  9960 | D:9      | 9960 ||| INVOKING Heroism.
 10163 | D:9      | 10163 ||| INVOKING Heroism.
 10197 | D:9      | 10197 ||| INVOKING Heroism.
 10206 | D:9      | Reached skill level 1 in Throwing
 10208 | D:9      | 10208 ||| Stepping ~*~*~tactically~*~*~ (outnumbered).
 10209 | D:9      | 10209 ||| Stepping ~*~*~tactically~*~*~ (outnumbered).
 10636 | D:9      | 10636 ||| READING scroll labelled KOCYKU DIXECEI.
 10735 | D:10     | Noticed a two-headed ogre
 10768 | D:10     | 10768 ||| INVOKING Heroism.
 10806 | D:10     | 10806 ||| Stepping ~*~*~tactically~*~*~ (stealth).
 10808 | D:10     | 10808 ||| Stepping ~*~*~tactically~*~*~ (hiding).
 10812 | D:10     | 10812 ||| INVOKING Heroism.
 10868 | D:10     | 10868 ||| Stepping ~*~*~tactically~*~*~ (stealth).
 10884 | D:10     | Found a staircase to the Orcish Mines.
 10903 | D:10     | 10903 ||| Stepping ~*~*~tactically~*~*~ (stealth).
 10916 | D:10     | 10916 ||| INVOKING Heroism.
 10927 | D:10     | 10927 ||| Stepping ~*~*~tactically~*~*~ (stealth).
 10929 | D:10     | Reached skill level 6 in Invocations
 10944 | D:10     | Reached skill level 14 in Unarmed Combat
 11106 | D:10     | Noticed a death knight
 11115 | D:10     | Found a transporter.
 11119 | D:10     | Noticed a centaur warrior
 11123 | D:10     | Noticed qw's ghost (journeyman TeWr)
 11241 | D:10     | Found a transporter.
 11308 | D:10     | 11308 ||| DRINKING 2 fuming pink potions.
 11309 | D:10     | 11309 ||| DRINKING 2 fizzy pink potions.
 11410 | D:10     | 11410 ||| DROPPING potion of brilliance.
 11411 | D:10     | 11411 ||| DROPPING potion of ambrosia.
 11440 | D:11     | 11440 ||| INVOKING Heroism.
 11441 | D:11     | Noticed a seven-headed hydra
 11444 | D:11     | 11444 ||| STAIRDANCE
 11460 | D:11     | 11460 ||| STAIRDANCE
 11462 | D:10     | 11462 ||| Stepping ~*~*~tactically~*~*~ (outnumbered).
 11463 | D:10     | 11463 ||| Stepping ~*~*~tactically~*~*~ (outnumbered).
 11464 | D:10     | 11464 ||| Stepping ~*~*~tactically~*~*~ (outnumbered).
 11466 | D:10     | 11466 ||| Stepping ~*~*~tactically~*~*~ (outnumbered).
 11467 | D:10     | 11467 ||| Stepping ~*~*~tactically~*~*~ (outnumbered).
 11468 | D:10     | 11468 ||| INVOKING Heroism.
 11469 | D:10     | Noticed a soul eater
 11469 | D:10     | 11469 ||| Stepping ~*~*~tactically~*~*~ (outnumbered).
 11470 | D:10     | Noticed a sixfirhy
 11471 | D:10     | 11471 ||| Stepping ~*~*~tactically~*~*~ (outnumbered).
 11472 | D:10     | 11472 ||| Stepping ~*~*~tactically~*~*~ (outnumbered).
 11474 | D:10     | HP: 18/94 [soul eater[a kobold demonologist] (12)]
 11475 | D:10     | 11475 ||| READING 3 scrolls of teleportation.
 11476 | D:10     | 11476 ||| DRINKING potion of heal wounds.
 11477 | D:10     | 11477 ||| Stepping ~*~*~tactically~*~*~ (outnumbered).
 11563 | D:11     | Noticed a cyclops
 11564 | D:11     | 11564 ||| INVOKING Heroism.
 11569 | D:11     | Killed a cyclops
 11606 | D:11     | 11606 ||| INVOKING Heroism.
 11612 | D:11     | Reached skill level 3 in Throwing
 11707 | D:11     | 11707 ||| Stepping ~*~*~tactically~*~*~ (hiding).
 11708 | D:11     | 11708 ||| Stepping ~*~*~tactically~*~*~ (outnumbered).
 11710 | D:11     | 11710 ||| Stepping ~*~*~tactically~*~*~ (outnumbered).
 11713 | D:11     | 11713 ||| INVOKING Heroism.
 11760 | D:11     | Found a staircase to the Lair.
 11762 | D:11     | 11762 ||| INVOKING Heroism.
 11906 | D:11     | Noticed a purple ugly thing
 11917 | D:11     | Killed a purple ugly thing
 11974 | D:11     | 11974 ||| Stepping ~*~*~tactically~*~*~ (stealth).
 11975 | D:11     | 11975 ||| Stepping ~*~*~tactically~*~*~ (stealth).
 11977 | D:11     | 11977 ||| Stepping ~*~*~tactically~*~*~ (stealth).
 12026 | D:11     | 12026 ||| INVOKING Heroism.
 12068 | D:11     | 12068 ||| INVOKING Heroism.
 12512 | D:11     | 12512 ||| PLANNING LAIR
 12512 | D:11     | 12512 ||| UPGRADING to +0 pair of boots.
 12517 | D:11     | 12517 ||| UPGRADING to +1 pair of boots.
 12527 | D:11     | 12527 ||| DROPPING +0 pair of boots.
 12528 | D:11     | 12528 ||| UPGRADING to +0 cloak.
 12553 | Lair:1   | Entered Level 1 of the Lair of Beasts
 12559 | Lair:1   | Identified the +1 leather armour of Taovuib {rF- Str+5
                  | Int+4}
 12613 | Lair:1   | 12613 ||| Stepping ~*~*~tactically~*~*~ (stealth).
 12614 | Lair:1   | 12614 ||| Stepping ~*~*~tactically~*~*~ (stealth).
 12619 | Lair:1   | Received a gift from Okawaru
 12626 | Lair:1   | 12626 ||| INVOKING Heroism.
 12725 | Lair:1   | 12725 ||| INVOKING Heroism.
 12750 | Lair:1   | 12750 ||| INVOKING Heroism.
 12880 | Lair:1   | 12880 ||| INVOKING Heroism.
 12890 | Lair:1   | Reached XP level 12. HP: 101/101 MP: 15/17
 12985 | Lair:1   | 12985 ||| Stepping ~*~*~tactically~*~*~ (stealth).
 12987 | Lair:1   | 12987 ||| Stepping ~*~*~tactically~*~*~ (stealth).
 13061 | Lair:1   | 13061 ||| INVOKING Heroism.
 13071 | Lair:1   | Reached skill level 15 in Unarmed Combat
 13071 | Lair:1   | Reached skill level 9 in Invocations
 13078 | Lair:1   | Reached ***** piety under Okawaru
 13140 | Lair:1   | 13140 ||| Stepping ~*~*~tactically~*~*~ (stealth).
 13142 | Lair:1   | 13142 ||| Stepping ~*~*~tactically~*~*~ (stealth).
 13143 | Lair:1   | 13143 ||| Stepping ~*~*~tactically~*~*~ (stealth).
 13145 | Lair:1   | 13145 ||| INVOKING Heroism.
 13169 | Lair:1   | 13169 ||| Stepping ~*~*~tactically~*~*~ (stealth).
 13187 | Lair:1   | 13187 ||| Stepping ~*~*~tactically~*~*~ (stealth).
 13198 | Lair:1   | 13198 ||| INVOKING Heroism.
 13535 | Lair:2   | Noticed Maggie
 13536 | Lair:2   | 13536 ||| Stepping ~*~*~tactically~*~*~ (hiding).
 13546 | Lair:2   | 13546 ||| INVOKING Heroism.
 13549 | Lair:2   | Killed Maggie
 13573 | Lair:2   | 13573 ||| Stepping ~*~*~tactically~*~*~ (stealth).
 13612 | Lair:2   | Identified the +2 ring mail of Gozag's Wrath {Contam rPois
                  | Regen+ rCorr}
 13628 | Lair:2   | 13628 ||| INVOKING Heroism.
 13645 | Lair:2   | Noticed Prince Ribbit
 13646 | Lair:2   | 13646 ||| Stepping ~*~*~tactically~*~*~ (stealth).
 13661 | Lair:2   | 13661 ||| INVOKING Heroism.
 13662 | Lair:2   | 13662 ||| Stepping ~*~*~tactically~*~*~ (outnumbered).
 13663 | Lair:2   | 13663 ||| Stepping ~*~*~tactically~*~*~ (outnumbered).
 13664 | Lair:2   | 13664 ||| Stepping ~*~*~tactically~*~*~ (outnumbered).
 13665 | Lair:2   | 13665 ||| Stepping ~*~*~tactically~*~*~ (outnumbered).
 13666 | Lair:2   | 13666 ||| Stepping ~*~*~tactically~*~*~ (outnumbered).
 13668 | Lair:2   | 13668 ||| Stepping ~*~*~tactically~*~*~ (outnumbered).
 13672 | Lair:2   | Killed Prince Ribbit
 13672 | Lair:2   | Received a gift from Okawaru
 13673 | Lair:2   | Reached skill level 9 in Fighting
 13681 | Lair:2   | 13681 ||| Stepping ~*~*~tactically~*~*~ (outnumbered).
 13692 | Lair:2   | 13692 ||| INVOKING Heroism.
 13830 | Lair:2   | Found a staircase to the Snake Pit.
 13840 | Lair:2   | 13840 ||| INVOKING Heroism.
 13843 | Lair:2   | HP: 25/104 [naga/+0 war axe (12)]
 13844 | Lair:2   | 13844 ||| READING 2 scrolls of teleportation.
 13845 | Lair:2   | HP: 8/104 [naga/+0 war axe (10)]
 13846 | Lair:2   | Received a gift from Okawaru
 13850 | Lair:2   | HP: 3/104 [constriction (4)]
 13861 | Lair:2   | 13861 ||| FLEEEEING.
 13862 | Lair:2   | 13862 ||| FLEEEEING.
 13863 | Lair:2   | 13863 ||| FLEEEEING.
 13864 | Lair:2   | 13864 ||| FLEEEEING.
 13865 | Lair:2   | 13865 ||| FLEEEEING.
 13866 | Lair:2   | 13866 ||| STAIRDANCE
 13998 | Lair:2   | 13998 ||| INVOKING Heroism.
 14007 | Lair:2   | 14007 ||| Stepping ~*~*~tactically~*~*~ (outnumbered).
 14023 | Lair:2   | Reached skill level 6 in Armour
 14032 | Lair:2   | 14032 ||| INVOKING Heroism.
 14356 | Lair:2   | Noticed Gastronok
 14357 | Lair:2   | 14357 ||| INVOKING Heroism.
 14373 | Lair:2   | Killed Gastronok
 14691 | Lair:2   | 14691 ||| UPGRADING to +1 hat.
 14696 | Lair:2   | 14696 ||| DRINKING 2 murky blue potions.
 14733 | Lair:3   | Noticed an eight-headed hydra
 14734 | Lair:3   | 14734 ||| INVOKING Heroism.
 14735 | Lair:3   | 14735 ||| INVOKING Finesse.
 14736 | Lair:3   | 14736 ||| STAIRDANCE
 14783 | Lair:3   | 14783 ||| INVOKING Heroism.
 14784 | Lair:3   | 14784 ||| INVOKING Finesse.
 14789 | Lair:3   | Killed an eight-headed hydra
 14800 | Lair:3   | 14800 ||| Stepping ~*~*~tactically~*~*~ (stealth).
 14804 | Lair:3   | 14804 ||| Stepping ~*~*~tactically~*~*~ (stealth).
 14805 | Lair:3   | 14805 ||| Stepping ~*~*~tactically~*~*~ (stealth).
 14830 | Lair:3   | Reached skill level 16 in Unarmed Combat
 14849 | Lair:3   | 14849 ||| INVOKING Heroism.
 14862 | Lair:3   | Reached XP level 13. HP: 111/111 MP: 17/19
 14913 | Lair:3   | 14913 ||| INVOKING Heroism.
 15130 | Lair:3   | Found a staircase to the Shoals.
 15323 | Lair:3   | 15323 ||| INVOKING Heroism.
 15324 | Lair:3   | 15324 ||| INVOKING Finesse.
 15407 | Lair:3   | 15407 ||| READING scroll labelled UCUAJE FIMNAOGRUU.
 15408 | Lair:3   | 15408 ||| READING scroll labelled WEAPSUPIHU.
 15409 | Lair:3   | 15409 ||| READING 2 scrolls of identify.
 15409 | Lair:3   | 15409 ||| IDENTIFYING bubbling silvery potion
 15410 | Lair:3   | 15410 ||| DROPPING potion of berserk rage.
 15478 | Lair:4   | 15478 ||| INVOKING Heroism.
 15480 | Lair:4   | 15480 ||| Stepping ~*~*~tactically~*~*~ (outnumbered).
 15543 | Lair:4   | 15543 ||| INVOKING Heroism.
 15693 | Lair:4   | 15693 ||| INVOKING Heroism.
 15694 | Lair:4   | 15694 ||| INVOKING Finesse.
 15702 | Lair:4   | 15702 ||| Stepping ~*~*~tactically~*~*~ (stealth).
 15704 | Lair:4   | 15704 ||| Stepping ~*~*~tactically~*~*~ (stealth).
 15788 | Lair:4   | 15788 ||| INVOKING Heroism.
 15789 | Lair:4   | 15789 ||| INVOKING Finesse.
 15894 | Lair:4   | 15894 ||| Stepping ~*~*~tactically~*~*~ (stealth).
 15895 | Lair:4   | 15895 ||| INVOKING Heroism.
 15901 | Lair:4   | Reached skill level 17 in Unarmed Combat
 15905 | Lair:4   | 15905 ||| Stepping ~*~*~tactically~*~*~ (outnumbered).
 15919 | Lair:4   | 15919 ||| Stepping ~*~*~tactically~*~*~ (outnumbered).
 15920 | Lair:4   | 15920 ||| Stepping ~*~*~tactically~*~*~ (outnumbered).
 16195 | Lair:4   | 16195 ||| INVOKING Heroism.
 16226 | Lair:4   | 16226 ||| Stepping ~*~*~tactically~*~*~ (hiding).
 16227 | Lair:4   | 16227 ||| Stepping ~*~*~tactically~*~*~ (hiding).
 16341 | Lair:4   | 16341 ||| INVOKING Heroism.
 16345 | Lair:4   | 16345 ||| Stepping ~*~*~tactically~*~*~ (outnumbered).
 16346 | Lair:4   | 16346 ||| Stepping ~*~*~tactically~*~*~ (outnumbered).
 16347 | Lair:4   | 16347 ||| Stepping ~*~*~tactically~*~*~ (outnumbered).
 16355 | Lair:4   | Received a gift from Okawaru
 16390 | Lair:4   | Identified the +5 ring mail "Boim" {Dex+4}
 16505 | Lair:4   | 16505 ||| Stepping ~*~*~tactically~*~*~ (hiding).
 16512 | Lair:4   | 16512 ||| DRINKING 3 potions of cancellation.
 16513 | Lair:4   | 16513 ||| DRINKING 2 potions of cancellation.
 16516 | Lair:4   | 16516 ||| INVOKING Heroism.
 16517 | Lair:4   | 16517 ||| INVOKING Finesse.
 16518 | Lair:4   | Found a staircase to the Slime Pits.
 16729 | Lair:5   | Entered Level 5 of the Lair of Beasts
 16730 | Lair:5   | 16730 ||| INVOKING Heroism.
 16733 | Lair:5   | 16733 ||| Stepping ~*~*~tactically~*~*~ (stealth).
 16735 | Lair:5   | 16735 ||| Stepping ~*~*~tactically~*~*~ (stealth).
 16736 | Lair:5   | 16736 ||| Stepping ~*~*~tactically~*~*~ (stealth).
 16741 | Lair:5   | Received a gift from Okawaru
 16744 | Lair:5   | 16744 ||| Stepping ~*~*~tactically~*~*~ (outnumbered).
 16745 | Lair:5   | 16745 ||| Stepping ~*~*~tactically~*~*~ (outnumbered).
 16746 | Lair:5   | 16746 ||| Stepping ~*~*~tactically~*~*~ (outnumbered).
 16747 | Lair:5   | 16747 ||| Stepping ~*~*~tactically~*~*~ (outnumbered).
 16748 | Lair:5   | 16748 ||| Stepping ~*~*~tactically~*~*~ (outnumbered).
 16749 | Lair:5   | 16749 ||| Stepping ~*~*~tactically~*~*~ (outnumbered).
 16752 | Lair:5   | 16752 ||| Stepping ~*~*~tactically~*~*~ (outnumbered).
 16753 | Lair:5   | 16753 ||| Stepping ~*~*~tactically~*~*~ (outnumbered).
 16754 | Lair:5   | 16754 ||| Stepping ~*~*~tactically~*~*~ (outnumbered).
 16755 | Lair:5   | 16755 ||| Stepping ~*~*~tactically~*~*~ (outnumbered).
 16756 | Lair:5   | 16756 ||| Stepping ~*~*~tactically~*~*~ (outnumbered).
 16757 | Lair:5   | 16757 ||| Stepping ~*~*~tactically~*~*~ (outnumbered).
 16758 | Lair:5   | 16758 ||| Stepping ~*~*~tactically~*~*~ (outnumbered).
 16759 | Lair:5   | 16759 ||| Stepping ~*~*~tactically~*~*~ (outnumbered).
 16760 | Lair:5   | 16760 ||| Stepping ~*~*~tactically~*~*~ (outnumbered).
 16761 | Lair:5   | 16761 ||| Stepping ~*~*~tactically~*~*~ (outnumbered).
 16765 | Lair:5   | 16765 ||| Stepping ~*~*~tactically~*~*~ (outnumbered).
 16766 | Lair:5   | 16766 ||| Stepping ~*~*~tactically~*~*~ (outnumbered).
 16768 | Lair:5   | 16768 ||| Stepping ~*~*~tactically~*~*~ (outnumbered).
 16769 | Lair:5   | 16769 ||| Stepping ~*~*~tactically~*~*~ (outnumbered).
 16770 | Lair:5   | 16770 ||| Stepping ~*~*~tactically~*~*~ (outnumbered).
 16771 | Lair:5   | 16771 ||| Stepping ~*~*~tactically~*~*~ (outnumbered).
 16772 | Lair:5   | 16772 ||| Stepping ~*~*~tactically~*~*~ (outnumbered).
 16773 | Lair:5   | 16773 ||| Stepping ~*~*~tactically~*~*~ (outnumbered).
 16774 | Lair:5   | 16774 ||| Stepping ~*~*~tactically~*~*~ (outnumbered).
 16775 | Lair:5   | 16775 ||| INVOKING Heroism.
 16776 | Lair:5   | 16776 ||| Stepping ~*~*~tactically~*~*~ (outnumbered).
 16776 | Lair:5   | HP: 27/113 [steam dragon (6)]
 16777 | Lair:5   | 16777 ||| READING scroll of teleportation.
 16778 | Lair:5   | HP: 11/113 [black mamba (13)]
 16780 | Lair:5   | 16780 ||| Stepping ~*~*~tactically~*~*~ (outnumbered).
 16780 | Lair:5   | HP: 2/113 [black mamba (9)]
 16781 | Lair:5   | Slain by a steam dragon

Levels and vault maps discovered:
D:1:      nicolae_arrival_washed_ashore, layout_basic,
          shapermc_ecumenical_altar_starsandcircs
D:2:      layout_loops_corners, uniq_crazy_yiuf_cottage
D:3:      layout_basic
D:4:      layout_basic, uniq_grinder
D:5:      layout_basic, chequers_ossuary_entry_cave
D:6:      dreamdust_elfheim, layout_basic, minmay_temple_entry_hall,
          gammafunk_ghost_stat_death, minmay_crystal_room, kennysheep_potato,
          uniq_edmund, uniq_sigmund, uniq_menkaure
D:7:      layout_layer_cave, mainiacjoe_overflow_swirl
D:8:      layout_basic, grunt_ministairs_14
D:9:      layout_cave_pods
D:10:     layout_basic, hiddenorc1_lemuel, nzn_ghost_randoct,
          amcnicky_mini_corridor_feature
D:11:     layout_long_grid, david_lair_shrubbed
Temple:   mainiacjoe_temple_big_plus
Lair:1:   layout_cave_pods
Lair:2:   layout_roguey, guppyfry_snake_entry_island, grunt_megastairs_4,
          uniq_prince_ribbit2, uniq_gastronok, uniq_maggie
Lair:3:   layout_cave_shapes, shoals_dummy_entry, grunt_megastairs_3
Lair:4:   layout_cave_pods, minmay_slime_entry_oklob_enclosed,
          serial_bayou_shore_b, grunt_megastairs_2, infiniplex_staircase_pool_2,
          serial_bayou_shore_b
Lair:5:   gammafunk_lair_ancient_temple, layout_layer_cave,
          cheibrodos_lair_lostbears

Skill      XL: |  1  2  3  4  5  6  7  8  9 10 11 12 13 |
---------------+----------------------------------------+-----
Unarmed Combat | 1 2 3 6 8 9 11 13 14 16 17 | 17.4
Fighting       | 1 3 5 6 8 9 10 | 10.0
Armour         | 1 2 3 4 5 6 7 |  7.1
Shields        | 1 2 3 4 |  4.0
Invocations    | 2 4 8 10 | 10.0
Throwing       | 3 4 |  4.1
Dodging        | 2 |  2.8
Stealth        | |  2.1
Spellcasting   | |  1.7
Conjurations   | |  0.7
Fire Magic     | |  2.4

Action                   |  1- 3 |  4- 6 |  7- 9 | 10-12 | 13-15 || total
-------------------------+-------+-------+-------+-------+-------++-------
Melee: Unarmed           |   158 |   130 |   356 |   609 |   180 ||  1433
Throw: Javelin           |       |       |       |    63 |    35 ||    98
       Boomerang         |       |       |       |    35 |     4 ||    39
Invok: Heroism           |       |       |     7 |    42 |    12 ||    61
       Finesse           |       |       |       |     2 |     4 ||     6
  Use: Scroll            |     3 |     7 |     8 |     4 |     4 ||    26
       Potion            |     2 |       |     4 |     4 |     2 ||    12
Armor: Robe              |    20 |       |       |       |       ||    20
       Plate armour      |    36 |    69 |   183 |   256 |   102 ||   646
       Ring mail         |     8 |       |       |       |       ||     8
Dodge: Dodged            |    85 |    14 |    52 |   212 |    91 ||   454
Block: Buckler           |       |    12 |    67 |   192 |    59 ||   330

Table legend:
 A = Non-vault XP
 B = Vault XP
 C = Vault XP percentage of total XP
 D = Non-vault monster count
 E = Vault monster count
 F = Vault count percentage of total count
                 A         B        C        D         E       F
            +---------+---------+-------+---------+---------+-------
      Total |   38183 |    9600 |  20.1 |     268 |      75 |  21.9
            +---------+---------+-------+---------+---------+-------
        D:1 |      40 |       0 |   0.0 |      24 |       0 |   0.0
        D:2 |       9 |       0 |   0.0 |       6 |       0 |   0.0
        D:3 |      48 |       0 |   0.0 |      20 |       0 |   0.0
        D:4 |      47 |     300 |  86.5 |       7 |       1 |  12.5
        D:5 |     392 |       0 |   0.0 |       6 |       0 |   0.0
        D:6 |    1096 |     973 |  47.0 |      16 |       8 |  33.3
        D:7 |    1215 |       0 |   0.0 |      22 |       0 |   0.0
        D:8 |    2615 |     173 |   6.2 |      24 |       6 |  20.0
        D:9 |    3558 |       0 |   0.0 |      29 |       0 |   0.0
       D:10 |    1715 |     211 |  11.0 |       9 |      17 |  65.4
       D:11 |    3111 |     343 |   9.9 |      23 |       1 |   4.2
     Lair:1 |    5997 |       0 |   0.0 |      26 |       0 |   0.0
     Lair:2 |    3593 |    4197 |  53.9 |      14 |      11 |  44.0
     Lair:3 |    3292 |     872 |  20.9 |       9 |       1 |  10.0
     Lair:4 |   10520 |    2365 |  18.4 |      30 |       9 |  23.1
     Lair:5 |     935 |       0 |   0.0 |       3 |       0 |   0.0
    Ossuary |       0 |     166 | 100.0 |       0 |      21 | 100.0
            +---------+---------+-------+---------+---------+-------
